 Dungeon Crawl Stone Soup version 0.27-a0-650-g8dd3ea4f36 (webtiles) character file.

Game seed: 8803544724429897686

1432 wakim the Stinger (level 8, -9/54 HPs)
             Began as an Octopode Venom Mage on Mar 15, 2021.
             Mangled by an ice beast (12 damage)
             ... on level 6 of the Dungeon.
             The game lasted 00:21:10 (9004 turns).

wakim the Stinger (Octopode Venom Mage)             Turns: 9004, Time: 00:21:11

Health: -9/54      AC:  1    Str:  7    XL:     8   Next: 73%
Magic:  12/12      EV: 14    Int: 25    God:
Gold:   333        SH:  0    Dex: 13    Spells: 4/13 levels left

rFire    . . .     SeeInvis .   a - +3 trident
rCold    . . .     Faith    .   (no shield)
rNeg     . . .     Spirit   .   (helmet restricted)
rPois    +         Reflect  .   (no amulet)
rElec    .         Harm     .   c - ring of poison resistance
rCorr    .         Rampage  .   l - +6 ring of intelligence
Will     .....                  (no ring)
Stlth    ++++......             (no ring)
HPRegen  0.18/turn              (no ring)
MPRegen  0.13/turn              (no ring)
                                (no ring)
                                (no ring)

@: no status effects
A: almost no armour, amphibious, 8 rings, camouflage 1, gelatinous body 1,
nimble swimmer 1, tentacles
a: no special abilities


You were on level 6 of the Dungeon.
You visited 1 branch of the dungeon, and saw 6 of its levels.

You collected 333 gold pieces.

Inventory:

Hand Weapons
 a - a +3 trident (weapon)
 b - a +0 shortbow
 f - a +1 mace of holy wrath
Missiles
 e - 14 poisoned darts
 m - 108 arrows
 n - a throwing net
 p - 13 boomerangs (quivered)
Jewellery
 c - a ring of poison resistance (left tentacle)
 l - a +6 ring of intelligence (right tentacle)
Wands
 d - a wand of digging (6)
 i - a wand of iceblast (12)
 j - a wand of polymorph (3)
Scrolls
 h - a scroll of amnesia
 E - a scroll of fear
 Z - 2 scrolls of identify {@r1}
Potions
 g - a potion of haste {unknown}
 k - a potion of attraction {unknown}
 o - a potion of magic {unknown}
 B - 2 potions of brilliance
 J - 3 potions of curing {@q1}
 L - 2 potions of flight


   Skills:
 - Level 4.0 Fighting
 * Level 5.0 Dodging
 + Level 6.7 Stealth
 - Level 3.1 Spellcasting
 - Level 2.0 Transmutations
 - Level 2.0 Fire Magic
 + Level 7.9 Poison Magic


You had 4 spell levels left.
You knew the following spells:

 Your Spells              Type           Power      Damage    Failure   Level
g - Ignite Poison         Fire/Tmut/Pois 23%        N/A       6%          3
s - Poisonous Vapours     Pois/Air       46%        N/A       3%          2
w - Olgreb's Toxic Radia  Pois           43%        N/A       3%          4

Your spell library contained the following spells:

 Spells                   Type           Power      Damage    Failure   Level
 Sting                    Tmut/Pois      100%       1d8       1%          1
 Mephitic Cloud           Conj/Pois/Air  17%        N/A       10%         3


Dungeon Overview and Level Annotations

Branches:
Dungeon (6/15)             Temple (0/1) D:6

Altars:
Cheibriados
Fedhas
Kikubaaqudgha
Qazlal
Sif Muna
Zin

Annotations:
D:5 2 transporters
D:6 exclusion: 3 doors


Innate Abilities, Weirdness & Mutations

You cannot wear most types of armour.
You are amphibious.
You can wear up to eight rings at the same time.
Your skin changes colour to match your surroundings (Stealth+).
Your rubbery body absorbs attacks. (AC +1, EV +1)
You are stealthy while swimming. (Stealth+)
You have tentacles for arms and can constrict up to eight enemies at once.


Message History

You shoot an arrow. The arrow hits the ice beast!
The ice beast is moderately wounded.
You shoot an arrow. The arrow closely misses the ice beast.
You shoot an arrow. The arrow hits the ice beast.
The ice beast is moderately wounded.
You shoot an arrow. The arrow closely misses the ice beast.
You shoot an arrow. The ice beast is moderately wounded.
a - a +3 trident (weapon)
You closely miss the ice beast.
The ice beast is moderately wounded.
The ice beast hits you. The ice beast freezes you!
You puncture the ice beast!
The ice beast is severely wounded.
You hit the ice beast but do no damage. Your squeeze misses the ice beast.
The ice beast is severely wounded.
The ice beast hits you. The ice beast freezes you!
You hit the ice beast but do no damage.
The ice beast is severely wounded.
The ice beast hits you.
* * * LOW HITPOINT WARNING * * *
The ice beast freezes you!
* * * LOW HITPOINT WARNING * * *
You hit the ice beast but do no damage.
The ice beast is severely wounded.
You hit the ice beast.
The ice beast is almost dead.
You hit the ice beast.
You squeeze the ice beast, but do no damage.
The ice beast is almost dead.
The ice beast hits you.
* * * LOW HITPOINT WARNING * * *
The ice beast freezes you.
* * * LOW HITPOINT WARNING * * *
You barely miss the ice beast.
The ice beast is almost dead.
The ice beast hits you.
* * * LOW HITPOINT WARNING * * *
The ice beast freezes you!
You die...

.)................#### #.# #.
.............###...# #.# #.
<..............รท.#.# #.# #.
##'#..........####.# #.# ###.
#.#.......##.####.## #.# #...
#.'.#########......######'###.##
####.#.......#####......#...##.#.
.....#...(...#..........#...##.#.
..##.'...>.(.'(Y@.......#...##...
..####.......#....)...####'######
#'## .!.... #......#.## #.......
...# ##'####...##.#..# #.......
...######......#.##.##.# #.......
...##...##.....#....##.# #.######
...'..#.##.##.....####.###.# #
...##...##.##.....'..#.....# #
..###.####.##.....##.##.#..### #


You could see an ice beast.

Vanquished Creatures
  Sigmund (D:6)
  4 ogres
  A centaur (D:5)
  2 bullfrogs
  2 howler monkeys (D:4)
  A hound (D:5)
  A bullfrog zombie (D:5)
  2 orc priests (D:4)
  A jelly (D:6)
  A centaur skeleton (D:6)
  2 orc wizards
  2 worker ants
  2 killer bee zombies
  A hound skeleton (D:4)
  9 gnolls
  8 adders
  A shadow imp (D:6)
  A white imp (D:5)
  2 oozes
  An adder skeleton (D:4)
  6 worms
  3 dart slugs
  5 leopard geckos
  15 orcs
  7 giant cockroaches
  3 goblins
  6 hobgoblins
  14 jackals
  2 quokkas
  2 ball pythons
  9 bats
  9 frilled lizards
  A jackal skeleton (D:4)
  A jackal zombie (D:5)
  4 kobolds
  11 rats
143 creatures vanquished.

Notes
Turn   | Place    | Note
-------+----------+-------------------------------------------
     0 | D:1      | wakim the Octopode Venom Mage began the quest for the Orb.
     0 | D:1      | Reached XP level 1. HP: 11/11 MP: 3/3
   251 | D:1      | Reached XP level 2. HP: 11/17 MP: 0/5
   384 | D:1      | Reached skill level 4 in Poison Magic
   388 | D:1      | Learned a level 2 spell: Poisonous Vapours
   734 | D:1      | Reached XP level 3. HP: 19/21 MP: 0/6
  1645 | D:2      | Found a snail-covered altar of Cheibriados.
  1653 | D:2      | Found a stormy altar of Qazlal.
  1654 | D:2      | Noticed a fire elemental
  1658 | D:2      | Noticed a water elemental
  1729 | D:2      | Noticed an earth elemental
  1729 | D:2      | Noticed an air elemental
  1810 | D:2      | Reached XP level 4. HP: 17/27 MP: 3/7
  1935 | D:2      | Learned a level 4 spell: Olgreb's Toxic Radiance
  2092 | D:2      | Reached skill level 5 in Poison Magic
  2407 | D:2      | Noticed a bullfrog
  2527 | D:2      | Killed a bullfrog
  2528 | D:2      | Reached XP level 5. HP: 24/31 MP: 3/9
  2994 | D:2      | Learned a level 3 spell: Ignite Poison
  3044 | D:2      | Reached skill level 6 in Poison Magic
  3117 | D:2      | Found a glowing silver altar of Zin.
  3467 | D:3      | Reached XP level 6. HP: 34/36 MP: 5/10
  3893 | D:3      | Found an ancient bone altar of Kikubaaqudgha.
  3905 | D:3      | Found a blossoming altar of Fedhas.
  4300 | D:4      | Reached skill level 5 in Stealth
  4314 | D:4      | Reached skill level 1 in Fire Magic
  5074 | D:4      | Identified the +8 scale mail "Besa Jus" {rF- Regen+ MP+9
                  | Str+7}
  5152 | D:4      | Reached skill level 7 in Poison Magic
  5152 | D:4      | Reached XP level 7. HP: 41/41 MP: 3/11
  5541 | D:5      | Entered Level 5 of the Dungeon
  5601 | D:5      | Found a transporter.
  5673 | D:5      | Reached skill level 1 in Fighting
  6371 | D:5      | Noticed a two-headed ogre
  6372 | D:5      | Found a shimmering blue altar of Sif Muna.
  7214 | D:6      | Reached XP level 8. HP: 51/51 MP: 12/12
  7401 | D:6      | Found a staircase to the Ecumenical Temple.
  7974 | D:6      | Noticed Sigmund
  7977 | D:6      | Killed Sigmund
  8272 | D:6      | Reached skill level 5 in Dodging
  8849 | D:5      | Found a transporter.
  9004 | D:6      | Mangled by an ice beast

Illustrated notes

Levels and vault maps discovered:
D:1:      psy_arrival_fountain, layout_basic
D:2:      layout_basic, kennysheep_slug_shrine, lemuel_coloured_pillars_altar,
          minmay_misc_feat_more_columns, nicolae_qazlal_style_of_elements
D:3:      layout_basic, grunt_temple_overflow_growth_and_decay
D:4:      layout_rooms
D:5:      layout_loops_ring, gammafunk_temple_overflow_arena
D:6:      lemuel_upstairs_altar, layout_basic, temple_green,
          kennysheep_decorative_pillar, uniq_sigmund

Skill      XL: |  1  2  3  4  5  6  7  8 |
---------------+-------------------------+-----
Stealth        | 3 4 5 6 |  6.7
Poison Magic   | 4 5 6 7 |  7.9
Spellcasting   | 3 |  3.1
Fire Magic     | 2 |  2.0
Transmutations | 2 |  2.0
Fighting       | 2 4 |  4.0
Dodging        | 3 5 |  5.0

Action                   |  1- 3 |  4- 6 |  7- 9 || total
-------------------------+-------+-------+-------++-------
Melee: Unarmed           |    18 |       |       ||    18
       Constrict         |    13 |    14 |     8 ||    35
       Tentacles         |     8 |     7 |     7 ||    22
       Dagger            |    27 |     6 |       ||    33
       Short sword       |     8 |    47 |       ||    55
       Mace              |       |       |    21 ||    21
       Trident           |       |       |    29 ||    29
 Fire: Shortbow          |       |       |    21 ||    21
Throw: Boomerang         |       |       |     5 ||     5
 Cast: Sting             |     4 |       |       ||     4
       Poisonous Vapours |    33 |    45 |    10 ||    88
       Olgreb's Toxic Ra |       |    18 |    11 ||    29
       Ignite Poison     |       |     7 |    12 ||    19
  Use: Scroll            |       |    10 |       ||    10
 Stab: Sleeping          |     2 |       |     1 ||     3
Armor: Skin              |    10 |     2 |     5 ||    17
Dodge: Dodged            |    43 |    50 |    40 ||   133

Table legend: (Time is in decaauts)
 A = Elapsed time spent in this place.
 B = Non-inter-level travel time spent in this place.
 C = Inter-level travel time spent in this place.
 D = Time resting spent in this place.
 E = Time spent auto-exploring this place.
 F = Levels seen in this place.
 G = Mean time per level.
                   A        B        C        D        E       F      G
               +--------+--------+--------+--------+--------+-----+--------+
         Total |   9030 |   8668 |    362 |      0 |   7142 |   6 | 1505.0 |
       Dungeon |   9030 |   8668 |    362 |      0 |   7142 |   6 | 1505.0 |
               +--------+--------+--------+--------+--------+-----+--------+

Top non-repeatable levels by time:
     D:4: 1825 daAuts
     D:2: 1823 daAuts
     D:6: 1601 daAuts
     D:1: 1354 daAuts
     D:5: 1247 daAuts
     D:3: 1177 daAuts
